 Dungeon Crawl Stone Soup version 0.22-a0-587-g7d32d7c (webtiles) character file.

1435 iamserjio the Covered (level 9, -4/59 HPs)
             Began as a Halfling Berserker on July 4, 2018.
             Was a Priest of Trog.
             Slain by an ogre
             ... wielding a +0 giant spiked club
              (16 damage)
             ... on level 7 of the Dungeon.
             The game lasted 00:09:58 (1042 turns).

iamserjio the Covered (Halfling Berserker)          Turns: 1042, Time: 00:09:59

Health: -4/59      AC:  9    Str: 21      XL:     9   Next: 3%
Magic:  9/9        EV: 15    Int: 10      God:    Trog [***...]
Gold:   144        SH:  0    Dex: 12 (14) Spells: 8/8 levels left

rFire    . . .     SeeInvis .   q - +0 war axe
rCold    . . .     Gourm    .   (shield restricted)
rNeg     . . .     Faith    .   y - +0 ring mail
rPois    .         Spirit   .   k - +0 helmet
rElec    .         Reflect  .   p - +0 cloak
rCorr    .         Harm     .   (no gloves)
MR       .....                  (no boots)
Stlth    +.........             (no amulet)
HPRegen  0.19/turn              (no ring)
MPRegen  0.11/turn              (no ring)

@: brilliant, berserk cooldown, slowed, very slow
A: small, mutation resistance 1
a: Berserk, Trog's Hand, Renounce Religion


You were on level 7 of the Dungeon.
You worshipped Trog.
Trog was most pleased with you.
You were near starving.

You visited 1 branch of the dungeon, and saw 7 of its levels.

You collected 144 gold pieces.

Inventory:

Hand Weapons
 a - a +0 hand axe
 f - a +1 whip of freezing
 q - a +0 war axe (weapon)
 v - a +0 flail
 z - a +1 flail of distortion
Missiles
 n - 6 curare-tipped needles {!f}
Armour
 b - a +0 animal skin
 i - a +2 robe of magic resistance
 k - a +0 helmet (worn)
 p - a +0 cloak (worn)
 t - a +0 leather armour
 y - a +0 ring mail (worn)
Scrolls
 d - a scroll of magic mapping {unknown}
 g - 4 scrolls of identify {unknown}
 h - 2 scrolls of remove curse {unknown}
 l - a scroll of blinking {unknown}
 o - a scroll of immolation {unknown}
 r - a scroll of noise {unknown}
 s - a scroll of amnesia {unknown}
 u - a scroll of random uselessness {unknown}
 w - a scroll of fog {unknown}
Potions
 e - 2 potions of cancellation
 x - a potion of might
Comestibles
 c - 5 rations


   Skills:
 + Level 4.6 Fighting
 * Level 6.7 Axes
 * Level 6.9 Armour
 + Level 5.1 Dodging


You had 8 spell levels left.
You didn't know any spells.
Your spell library was empty.

Dungeon Overview and Level Annotations

Branches:
Dungeon (7/15)
 Temple: D:4-7

Altars:
Hepliaklqana
Okawaru
Trog

Shops:
D:7 }


Innate Abilities, Weirdness & Mutations

You are small and have problems with some larger weapons.
You are somewhat resistant to further mutation.


Message History

Increase (S)trength, (I)ntelligence, or (D)exterity?
You feel stronger.
The crimson imp shouts, "Flee, thou qualling weather-bitten lewdster!"
You barely miss the ogre.
You are no longer berserk.
You are exhausted.
You feel yourself slow down. The ogre closely misses you.
It was a potion of brilliance.
You feel clever all of a sudden. The orc priest barely misses you.
The orc wizard gestures wildly while chanting.
The orc wizard seems to speed up.
The ogre barely misses you. The orc priest hits you with a dagger.
* * * LOW HITPOINT WARNING * * *
It was a potion of curing.
You feel better.
The orc priest calls down the wrath of Beogh upon you.
You struggle to resist.
The crimson imp misses you.
The ogre hits you with a giant spiked club!
You die...

..# ..# ...#
...# ./..+
########....#
#.....†o....##
#.....@Oo.....
#.....)5......
##....##......
#<...# ......
#.......(.....
#............$
#............$
#..........<#$
#.?...##...


You could see an ogre, an orc priest, an orc wizard and a crimson imp.

Vanquished Creatures
  Pikel (D:5)
  An ice beast (D:5)
  A necrophage (D:7)
  An ogre (D:6)
  2 scorpions
  2 hounds (D:4)
  A jelly (D:6)
  A bullfrog skeleton (D:5)
  5 orc priests
  An iguana (D:6)
  3 worker ants (D:5)
  2 hound skeletons
  Robin (D:4)
  5 gnolls (D:6)
  A howler monkey zombie (D:6)
  9 adders
  A shadow imp (D:5)
  2 oozes
  An adder skeleton (D:5)
  A worm (D:4)
  20 orcs
  A ball python (D:2)
  A bat (D:2)
  2 giant cockroaches (D:6)
  13 goblins
  2 hobgoblins
  A kobold (D:1)
  3 frilled lizards
  A jackal skeleton (D:4)
  6 rats
92 creatures vanquished.

Vanquished Creatures (others)
  An ogre (D:6)
  2 gnolls (D:6)
  An adder (D:6)
  A leopard gecko (D:6)
  A ball python (D:5)
  A quokka zombie (D:6)
7 creatures vanquished.

Grand Total: 99 creatures vanquished

Notes
Turn   | Place    | Note
-------+----------+-------------------------------------------
     0 | D:1      | iamserjio the Halfling Berserker began the quest for the Orb.
     0 | D:1      | Reached XP level 1. HP: 15/15 MP: 1/1
     3 | D:1      | Noticed a human
     3 | D:1      | Noticed a naga
     5 | D:1      | Noticed a demigod
     5 | D:1      | Noticed a dwarf
     7 | D:1      | Noticed a ghoul
     7 | D:1      | Noticed a halfling
     9 | D:1      | Noticed an elf
     9 | D:1      | Noticed a spriggan
    11 | D:1      | Noticed a centaur
    11 | D:1      | Noticed a vine stalker
    13 | D:1      | Noticed a felid
    13 | D:1      | Noticed an octopode
    15 | D:1      | Noticed a demonspawn
    15 | D:1      | Noticed a tengu
    17 | D:1      | Noticed a draconian
    17 | D:1      | Noticed a troll
    19 | D:1      | Noticed a vampire
    23 | D:1      | Noticed a merfolk
    25 | D:1      | Noticed a formicid
    25 | D:1      | Noticed a minotaur
    27 | D:1      | Noticed an ogre
    27 | D:1      | Noticed a gargoyle
    50 | D:1      | Reached XP level 2. HP: 12/20 MP: 2/2
   123 | D:3      | Reached XP level 3. HP: 25/25 MP: 3/3
   162 | D:3      | Found a bloodstained altar of Trog.
   199 | D:2      | Reached XP level 4. HP: 30/30 MP: 4/4
   341 | D:4      | Noticed Robin
   345 | D:4      | Reached ** piety under Trog
   353 | D:4      | Killed Robin
   353 | D:4      | Reached XP level 5. HP: 21/36 MP: 5/5
   463 | D:4      | Found an iron altar of Okawaru.
   487 | D:4      | Reached XP level 6. HP: 7/42 MP: 6/6
   550 | D:5      | Entered Level 5 of the Dungeon
   651 | D:5      | Found a hazy altar of Hepliaklqana.
   667 | D:5      | Reached XP level 7. HP: 27/46 MP: 7/7
   751 | D:6      | Reached skill level 5 in Axes
   751 | D:6      | Reached skill level 5 in Armour
   853 | D:5      | HP: 2/47 [shadow imp/nerve-wracking pain (12)]
   855 | D:5      | Noticed Pikel
   879 | D:5      | Killed Pikel
   879 | D:5      | Reached XP level 8. HP: 7/54 MP: 8/8
  1023 | D:7      | Found Hus Ushrelua's Gadget Shop.
  1033 | D:7      | Reached skill level 5 in Dodging
  1037 | D:7      | Reached *** piety under Trog
  1039 | D:7      | Reached XP level 9. HP: 6/59 MP: 9/9
  1042 | D:7      | Slain by an ogre

Vault maps used:
D:1:      kb_arrival_jail, kennysheep_flooded_box
D:3:      lemuel_crystal_altar, xom_butterflies
D:4:      first_ration, kennysheep_another_room, okawaru_ov_weapons_minmay,
          uniq_robin, uniq_edmund, uniq_menkaure
D:5:      minmay_temple_entry_enclosed_plants, basic_altar, uniq_pikel
D:6:      lemuel_flamethrower_2
D:7:      vehumet_statue, tgw_sif, zin_angel, nicolae_gozag_seed_capital,
          serial_shops, shop, the_bakery, roderic_batcave

Skill      XL: |  1  2  3  4  5  6  7  8 |
---------------+-------------------------+-----
Armour         | 3 4 6 |  6.9
Fighting       | 3 4 |  4.6
Axes           | 4 6 |  6.7
Dodging        | 3 4 5 |  5.1

Action                   |  1- 3 |  4- 6 |  7- 9 || total
-------------------------+-------+-------+-------++-------
Melee: Hand axe          |    23 |    88 |       ||   111
       War axe           |       |    26 |    76 ||   102
Invok: Berserk           |     2 |     5 |     6 ||    13
       Trog's Hand       |       |     3 |     4 ||     7
  Use: Potion            |       |       |     6 ||     6
  Eat: Chunk             |       |     7 |     4 ||    11
       Ration            |       |       |     1 ||     1
Armor: Animal skin       |     4 |    17 |     1 ||    22
       Leather armour    |       |       |    12 ||    12
       Ring mail         |       |       |     2 ||     2
Dodge: Dodged            |    17 |   138 |    77 ||   232

Table legend:
 A = Spawn XP
 B = Non-spawn XP
 C = Spawn XP percentage of total XP
 D = Spawn monster count
 E = Non-spawn monster count
 F = Spawn count percentage of total count
 G = Total turns spent on level
                    A         B        C        D         E        F      G
               +---------+---------+-------+---------+---------+-------+---------
         Total |       0 |    2050 |   0.0 |       0 |      93 |   0.0 |  1042
               +---------+---------+-------+---------+---------+-------+---------
           D:1 |       0 |      12 |   0.0 |       0 |       4 |   0.0 |    79
           D:2 |       0 |      38 |   0.0 |       0 |      10 |   0.0 |   120
           D:3 |       0 |      63 |   0.0 |       0 |       9 |   0.0 |   112
           D:4 |       0 |     233 |   0.0 |       0 |      23 |   0.0 |   286
           D:5 |       0 |     943 |   0.0 |       0 |      12 |   0.0 |   276
           D:6 |       0 |     509 |   0.0 |       0 |      25 |   0.0 |   150
           D:7 |       0 |     252 |   0.0 |       0 |      10 |   0.0 |    19
               +---------+---------+-------+---------+---------+-------+---------
